 Dungeon Crawl Stone Soup version 0.29.1-15-g9cfb28693d (webtiles) character file.

Game seed: 12730472195612611151

3270 Coltbek the Severer (level 9, -28/70 HPs)
             Began as a Minotaur Fighter on Mar 20, 2023.
             Was a High Priest of Lugonu.
             Annihilated by a two-headed ogre
             ... wielding a +0 giant club
              (29 damage)
             ... on level 8 of the Dungeon on Mar 21, 2023.
             The game lasted 00:28:48 (6803 turns).

Coltbek the Severer (Minotaur Fighter)              Turns: 6803, Time: 00:28:48

Health: -28/70     AC: 13    Str: 24    XL:     9   Next: 68%
Magic:  8/8        EV:  6    Int:  5    God:    Lugonu [*****.]
Gold:   327        SH:  5    Dex: 11    Spells: 8/8 levels left

rFire   . . .      SeeInvis .   a - +0 war axe
rCold   . . .      Faith    .   c - +0 buckler
rNeg    . . .      Spirit   .   w - +0 plate armour
rPois   .          Reflect  .   (helmet restricted)
rElec   .          Harm     .   (no cloak)
rCorr   .          Rampage  .   l - +1 pair of gloves
Will    .....                   (no boots)
Stlth   ..........              A - amulet of the acrobat
HPRegen 0.21/turn               y - +4 ring of slaying
MPRegen 0.11/turn               j - +4 ring of slaying

@: mighty
A: horns 2, retaliatory headbutt
a: Renounce Religion, Depart the Abyss, Bend Space, Banish, Corrupt, Enter the
Abyss


You were on level 8 of the Dungeon.
You worshipped Lugonu.
Lugonu was extremely pleased with you.
You visited 1 branch of the dungeon, and saw 8 of its levels.

You collected 327 gold pieces.

Inventory:

Hand Weapons
 a - a +0 war axe (weapon)
Armour
 b - a +0 scale mail
 c - a +0 buckler (worn)
 h - a +1 helmet
 l - a +1 pair of gloves (worn)
 w - a +0 plate armour (worn)
Jewellery
 i - a +6 ring of intelligence
 j - a +4 ring of slaying (right hand)
 o - a ring of magical power
 y - a +4 ring of slaying (left hand)
 A - an amulet of the acrobat (around neck)
 B - a ring of magical power
Scrolls
 f - a scroll of torment
 m - a scroll of fear
 p - 5 scrolls of teleportation
 r - a scroll of amnesia {unknown}
 t - 2 scrolls of identify
 C - a scroll of vulnerability
Potions
 d - 3 potions of heal wounds {unknown}
 e - a potion of magic {unknown}
 g - 8 potions of attraction
 n - 2 potions of resistance
 q - a potion of haste {unknown}
 s - 2 potions of flight {unknown}
 u - a potion of invisibility {unknown}
 v - a potion of ambrosia {unknown}
 x - 2 potions of lignification {unknown}
 z - a potion of brilliance {unknown}


   Skills:
 - Level 3.6 Fighting
 * Level 15.3 Axes
 - Level 3.6 Armour
 + Level 6.3 Shields


You had 8 spell levels left.
You didn't know any spells.
Your spell library contained the following spells:

 Spells                   Type           Power      Damage    Failure   Level
 Freeze                   Ice            0%         1d3       100%        1
 Necrotise                Necr           0%         1d4       100%        1
 Ensorcelled Hibernation  Hex/Ice        0%         N/A       100%        2
 Passwall                 Tmut/Erth      0%         N/A       100%        2
 Conjure Flame            Conj/Fire      0%         6-21      100%        3
 Frozen Ramparts          Ice            0%         1d1       100%        3
 Ignite Poison            Fire/Tmut/Pois 0%         N/A       100%        3
 Spider Form              Tmut/Pois      0%         N/A       100%        3
 Swiftness                Air            0%         N/A       100%        3
 Vampiric Draining        Necr           0%         2d6       100%        3
 Anguish                  Hex/Necr       0%         N/A       100%        4
 Cause Fear               Hex            0%         N/A       100%        4
 Hailstorm                Conj/Ice       0%         3d3       100%        4
 Sticky Flame             Conj/Fire      0%         2d3       100%        4
 Agony                    Necr           0%         N/A       100%        5
 Dragon Form              Tmut           0%         N/A       100%        7
 Dragon's Call            Summ           0%         N/A       100%        9


Dungeon Overview and Level Annotations

Branches:
Dungeon (8/15)             Temple (0/1) D:6
   Lair: D:8-11

Altars:
Dithmenos
Qazlal
Ru
Uskayaw
The Shining One
Lugonu

Shops:
D:4 [![


Innate Abilities, Weirdness & Mutations

You have a pair of horns on your head.
You reflexively headbutt those who attack you in melee.


Message History

Things that are here:
a +0 club; a +0 chain mail Done exploring.
Done exploring.
Things that are here:
a +0 club; a +0 chain mail
There is a stone staircase leading down here.
You climb downwards.
The two-headed ogre shouts in stereo!
The wyvern hisses angrily.
Found a scroll of immolation.
Found a stone staircase leading down.
There is a stone staircase leading up here.
You hit the two-headed ogre.
The two-headed ogre is lightly wounded.
You slash the two-headed ogre!
Your headbutt misses the two-headed ogre.
The two-headed ogre is moderately wounded.
The two-headed ogre hits you with a +0 giant club!
You block the two-headed ogre's attack.
You barely miss the two-headed ogre.
Your headbutt misses the two-headed ogre.
The two-headed ogre is moderately wounded.
You hit the two-headed ogre.
The two-headed ogre is heavily wounded.
The two-headed ogre hits you with a +0 giant club!
The two-headed ogre hits you with a +0 giant club!!
You completely miss the two-headed ogre.
The two-headed ogre is heavily wounded.
The two-headed ogre barely misses you. You furiously retaliate!
You headbutt the two-headed ogre, but do no damage.
The two-headed ogre hits you with a +0 giant club!!
* * * LOW HITPOINT WARNING * * *
You feel very mighty all of a sudden. The wyvern closely misses you.
You slash the two-headed ogre!
Your headbutt misses the two-headed ogre.
The two-headed ogre is severely wounded.
You hit the wyvern. The wyvern bites you.
* * * LOW HITPOINT WARNING * * *
The two-headed ogre hits you with a +0 giant club!!
You die...

#.. ....>. ..
...... #. .....
. #.# #.... #..
#..#...#
.#..#.....#
.......O..#
......l@..#
#..?.......#
##............#
##..........##
.....######...
...... ..
...... # ...##.


You could see a two-headed ogre and a wyvern.

Vanquished Creatures
  The ghost of Sensen the Ruffian, an amateur TrGl (D:5)
  3 vampire mosquitoes (D:7)
  2 water moccasins
  2 black bears
  An orc warrior (D:7)
  An ice beast (D:6)
  4 ogres
  A centaur (D:5)
  2 phantoms (D:5)
  Blork the orc (D:5)
  3 bullfrogs
  A necrophage (D:5)
  2 scorpions (D:4)
  A wight (D:6)
  2 howler monkeys
  2 quasits (D:5)
  7 hounds
  3 jellies
  2 orc priests
  A gnoll bouda (D:6)
  2 iguanas
  3 orc wizards
  15 gnolls
  12 adders
  3 shadow imps
  A white imp (D:5)
  An ufetubus (D:5)
  A worm (D:4)
  2 dart slugs
  15 orcs
  5 endoplasms
  3 giant cockroaches
  10 hobgoblins
  8 jackals
  3 quokkas
  7 ball pythons
  9 bats
  A frilled lizard (D:2)
  10 goblins
  10 kobolds
  6 rats
  A bush (D:5)
170 creatures vanquished.

Vanquished Creatures (others)
  3 demonic plants (D:5)
3 creatures vanquished.

Grand Total: 173 creatures vanquished

Notes
Turn   | Place    | Note
-------+----------+-------------------------------------------
     0 | D:1      | Coltbek the Minotaur Fighter began the quest for the Orb.
     0 | D:1      | Reached XP level 1. HP: 19/19 MP: 0/0
     6 | D:1      | Found a faded altar of an unknown god.
    28 | D:1      | Prayed at the altar of an unknown god.
    28 | D:1      | Became a worshipper of Lugonu the Unformed
    28 | D:1      | Reached * piety under Lugonu
    28 | D:1      | Reached ** piety under Lugonu
   244 | D:1      | Reached skill level 3 in Axes
   302 | D:1      | Reached XP level 2. HP: 26/26 MP: 1/1
   478 | D:1      | Reached skill level 4 in Axes
   478 | D:1      | Reached XP level 3. HP: 30/31 MP: 2/2
   847 | D:2      | Reached skill level 5 in Axes
  1000 | D:2      | Reached XP level 4. HP: 36/39 MP: 3/3
  1165 | D:2      | Reached *** piety under Lugonu
  1451 | D:3      | Reached skill level 6 in Axes
  1457 | D:3      | You fall into a shaft and drop 1 floor!
  1457 | D:4      | Found Muokic's Antique Armour Shop.
  1478 | D:4      | Noticed a black bear
  1488 | D:4      | Reached XP level 5. HP: 30/45 MP: 4/4
  1493 | D:4      | Killed a black bear
  1494 | D:4      | Reached skill level 7 in Axes
  1571 | D:4      | Reached XP level 6. HP: 41/51 MP: 5/5
  1855 | D:3      | Reached skill level 8 in Axes
  1860 | D:3      | Found a hide-covered altar of Uskayaw.
  2364 | D:4      | Found Hyevir's Distillery.
  2372 | D:4      | Reached skill level 9 in Axes
  2465 | D:4      | Reached XP level 7. HP: 30/57 MP: 6/6
  2711 | D:4      | Reached **** piety under Lugonu
  2875 | D:4      | Reached skill level 10 in Axes
  3030 | D:4      | Found Remaoppau's Antique Armour Boutique.
  3170 | D:5      | Entered Level 5 of the Dungeon
  3171 | D:5      | Noticed Blork the orc
  3182 | D:5      | Killed Blork the orc
  3201 | D:5      | Found a runed translucent door.
  3208 | D:5      | Noticed Sensen's ghost (amateur TrGl)
  3218 | D:5      | Reached skill level 11 in Axes
  3223 | D:5      | Killed Sensen's ghost
  3224 | D:5      | Reached XP level 8. HP: 48/64 MP: 7/7
  3229 | D:5      | Found a runed translucent door.
  3285 | D:5      | Reached skill level 12 in Axes
  3383 | D:5      | Reached skill level 13 in Axes
  4071 | D:5      | Found a stormy altar of Qazlal.
  4451 | D:6      | Found a glowing golden altar of the Shining One.
  4457 | D:6      | Reached XP level 9. HP: 28/70 MP: 8/8
  4624 | D:6      | Reached skill level 14 in Axes
  5365 | D:6      | Found a staircase to the Ecumenical Temple.
  5634 | D:7      | Reached ***** piety under Lugonu
  5637 | D:7      | Reached skill level 5 in Shields
  5775 | D:7      | Found a sacrificial altar of Ru.
  6276 | D:7      | Reached skill level 15 in Axes
  6338 | D:7      | Found a shadowy altar of Dithmenos.
  6796 | D:8      | Noticed a two-headed ogre
  6803 | D:8      | HP: 1/70 [wyvern (6)]
  6803 | D:8      | Annihilated by a two-headed ogre

Illustrated notes

Levels and vault maps discovered:
D:1:      lightli_arrival_chessboard, layout_loops_ring,
          dreamdust_ecumenical_altar_statues
D:2:      layout_rooms, minmay_tripent
D:3:      layout_rooms, nicolae_uskayaw_dance_hall
D:4:      minmay_bubble_buster, layout_rooms, serial_shops, shop,
          nicolae_take_the_stairs, kennysheep_little_box,
          minmay_increasing_density
D:5:      layout_cave_pools, mainiacjoe_overflow_alcove_4, serial_demonic,
          serial_demonic_d, serial_demonic_b, serial_demonic_b,
          serial_demonic_b, ebering_ghost_sewer_f, roderic_lattice_a,
          kb_lookout_dungeons_type, uniq_blork_the_orc
D:6:      layout_cave_pools, minmay_temple_entry_statues,
          kennysheep_small_circle
D:7:      layout_rooms, pf_just_have_faith, lemuel_tele_altar
D:8:      layout_layer_cave, mainiacjoe_overflow_divided_tiny, uniq_maurice

Skill      XL: |  1  2  3  4  5  6  7  8  9 |
---------------+----------------------------+-----
Axes           | 3 4 5 6 7 9 11 13 15 | 15.3
Shields        | 4 6 |  6.3
Fighting       | |  3.6
Armour         | |  3.6

Action                   |  1- 3 |  4- 6 |  7- 9 || total
-------------------------+-------+-------+-------++-------
Melee: War axe           |    55 |    79 |   208 ||   342
       Headbutt          |     4 |    10 |    28 ||    42
  Use: Scroll            |     1 |     1 |    12 ||    14
       Potion            |       |     1 |     1 ||     2
Armor: Scale mail        |    17 |    19 |       ||    36
       Plate armour      |       |     6 |   103 ||   109
Dodge: Dodged            |    24 |    40 |    81 ||   145
Block: Buckler           |    10 |    22 |    40 ||    72
